AoeStats
← Jer

Lombardia

508200369Analyzed
2v2 RM · 10d ago on Sep 21, 2026· 38m 23s· 4 players
Game mode
Random Map
Map size
Medium (4 player)
Population
200
Speed
Normal
Resources
Standard
Victory
Conquest
Starting age
Dark Age
Ending age
Imperial Age
RankedLock teamsTeams togetherTeam positionsShared explorationLock speedFull tech treeHidden civsTurbo modeCheats
Victory
Defeat
🇷🇺 Inca · Russia
999
+16
🇷🇺 Italians · Russia
989
+17
🇦🇷 Wu · Argentina
1015
-17
1000
-48
Jer
11:25 Feudal Age
11:56 Loom
15:11 Horse Collar
18:01 Castle Age
17:51 Double-Bit Axe
17:41 Champi Runner
19:07 Gold Mining
19:30 Champi Warrior
20:39 Scale Mail Armor
20:58 Arson
22:15 Squires
22:45 Forging
24:28 Iron Casting
25:02 Chain Mail Armor
26:37 Bow Saw
26:29 Heavy Plow
29:11 Wheelbarrow
29:17 Gold Shaft Mining
30:25 Stone Mining
32:46 Hand Cart
34:36 Town Watch
34:44 Fletching
38:43 Imperial Age
Nihad 愛
0:45 Loom
12:41 Feudal Age
14:18 Horse Collar
19:26 Castle Age
18:14 Town Watch
19:31 Double-Bit Axe
19:40 Gold Mining
19:41 Stone Mining
19:51 Fletching
23:55 Bodkin Arrow
25:06 Wheelbarrow
24:56 Padded Archer Armor
26:58 Thumb Ring
27:17 Ballistics
27:17 Leather Archer Armor
27:32 Herbal Medicine
28:02 Bow Saw
27:53 Heavy Plow
34:19 Imperial Age
33:23 Hand Cart
33:09 Town Patrol
34:29 Elite Genoese Crossbowman
37:06 Conscription
36:50 Bracer
37:20 Ring Archer Armor
37:52 Chemistry
Jojo
8:56 Loom
10:43 Feudal Age
10:47 Loom
12:01 Double-Bit Axe
13:33 Town Watch
18:14 Castle Age
17:04 Horse Collar
23:37 Scale Barding Armor
25:44 Husbandry
27:48 Fletching
28:10 Gold Mining
29:38 Heavy Plow
30:19 Padded Archer Armor
30:53 Bloodlines
31:52 Forging
31:46 Elite Skirmisher
32:29 Bodkin Arrow
36:32 Imperial Age
35:15 Wheelbarrow
37:10 Leather Archer Armor
Pink Nibba with a hard R
0:53 Loom
14:23 Feudal Age
19:31 Double-Bit Axe
20:09 Stone Mining
21:34 Man-at-Arms
32:19 Horse Collar
Connection lost

Rejoining the realm…

Still unreachable

The connection could not be restored.

Session expired

The server has moved on; the page needs a fresh start.